yeah just yeah

Match 33068680
End
Construct Infanterie Kompanie
Grenadier Squad
Selects Breakthrough Battlegroup
Selects Assault Grenadiers
MG 42 Machine Gun Team
GrW 34 Mortar Team
Grenadier Squad
Construct Panzergrenadier Kompanie
Selects Rapid Production
251 Medium Carrier
Panzergrenadier Squad
Pak 40 Anti-tank Gun Team
251 Medium Carrier
Selects Smoke Bombing Run
Selects Incendiary Bombing Run
Support Elements
Nebelwerfer 42 Rocket Launcher Team
Construct Panzer Kompanie
Smoke Bombing Run
Stoßtruppen Squad
Infanterie Officer Quarters
Selects Blitzkrieg
Incendiary Bombing Run
Panzer IV Medium Tank
Incendiary Bombing Run
Smoke Bombing Run
Panzer IV Medium Tank
Repair Bunker
Side Skirts
Panzer Officer Quarters
Incendiary Bombing Run
Smoke Bombing Run
Blitzkrieg
Smoke Bombing Run
Smoke Bombing Run
Selects Tiger Heavy Tank
Tiger Heavy Tank
Smoke Bombing Run
Incendiary Bombing Run
Smoke Bombing Run
Sturmpanzer IV Brummbär
Smoke Bombing Run
Smoke Bombing Run
Pioneer Squad
DragonLTU
kristianjohnsen
Melkor
mimq
Геть з України москаль некрасіви
Roma#Kopfjager
Nikname2303[HS:UA]
Позорньій Мьіш
0
0

Comments sign in to comment!

No comments posted yet!